 Dungeon Crawl Stone Soup version 0.25-a0-2-g6559c6c67a (webtiles) character file.

Game seed: 18213334689108012523, levelgen mode: deterministic

59 Kohma the Ogre Mage (level 4, -2/42 HPs)
             Began as an Ogre Wizard on Oct 14, 2019.
             Slain by a gnoll
             ... wielding a +0 spear
              (10 damage)
             ... on level 2 of the Dungeon.
             The game lasted 00:07:14 (2192 turns).

Kohma the Ogre Mage (Ogre Wizard)                   Turns: 2192, Time: 00:07:15

Health: -2/42      AC:  3    Str: 11    XL:     4   Next: 3%
Magic:  5/10       EV: 10    Int: 20    God:
Gold:   39         SH:  0    Dex:  7    Spells: 6/11 levels left

rFire    . . .     SeeInvis .   o - +0 whip
rCold    . . .     Gourm    .   (no shield)
rNeg     . . .     Faith    .   a - +0 robe
rPois    .         Spirit   .   b - +0 hat
rElec    .         Reflect  .   (no cloak)
rCorr    .         Harm     .   (gloves unavailable)
MR       .....                  (boots unavailable)
Stlth    +.........             (no amulet)
HPRegen  0.14/turn              (no ring)
MPRegen  0.12/turn              (no ring)

@: lethally poisoned (-2 -> -6), very slow
A: large, unfitting armour, tough skin 1
a: no special abilities


You were on level 2 of the Dungeon.
You were not hungry.

You visited 1 branch of the dungeon, and saw 2 of its levels.

You collected 39 gold pieces.

Inventory:

Hand Weapons
 o - a +0 whip (weapon)
Missiles
 e - 58 stones
 l - 2 boomerangs (quivered)
 t - 15 sling bullets
Armour
 a - a +0 robe (worn)
 b - a +0 hat (worn)
Scrolls
 c - a scroll of remove curse {unknown}
 f - 6 scrolls of identify {unknown}
 g - a scroll of immolation {unknown}
 h - a scroll of random uselessness {unknown}
 n - 2 scrolls of teleportation {unknown}
Potions
 i - a potion of brilliance {unknown}
 j - a potion of lignification {unknown}
 k - 2 potions of curing {unknown}
 m - a potion of berserk rage {unknown}
 p - a potion of ambrosia {unknown}
 r - a potion of might
 s - a potion of flight {unknown}
Comestibles
 d - 5 rations
 q - a chunk of flesh


   Skills:
 + Level 2.0 Fighting
 + Level 0.5 Maces & Flails
 - Level 1.7 Dodging
 - Level 1.4 Stealth
 - Level 4.0 Spellcasting
 * Level 2.4 Conjurations
 - Level 0.8 Summonings
 - Level 0.8 Translocations


You had 6 spell levels left.
You knew the following spells:

 Your Spells              Type           Power        Failure   Level  Hunger
a - Magic Dart            Conj           ##..         4%          1    None
b - Blink                 Tloc           N/A          14%         2    #......
c - Call Imp              Summ           #.......     14%         2    #......

Your spell library contained the following spells:

 Spells                   Type           Power        Failure   Level  Hunger
 Slow                     Hex            #.......     19%         2    #......
 Conjure Flame            Conj/Fire      #.......     24%         3    ###....
 Mephitic Cloud           Conj/Pois/Air  #.......     28%         3    ###....


Dungeon Overview and Level Annotations

Branches:
Dungeon (2/15)

Altars:
Cheibriados
Kikubaaqudgha
Nemelex Xobeh


Innate Abilities, Weirdness & Mutations

You are too large for most types of armour.
You have tough skin. (AC +1)


Message History

The magic dart hits the adder.
The adder is severely wounded.
You feel sick.
The rat bites the plant.
The adder bites you but does no damage.
The gnoll hits you from afar with a +0 spear.
* * * LOW HITPOINT WARNING * * *
The hobgoblin completely misses the plant.
The gnoll barely misses you.
Casting: Magic Dart (safe; 4% risk of failure)
Confirm with . or Enter, or press ? or * to list all spells.
Aiming: Magic Dart (safe; 4% risk of failure)
Press: ? - help, Shift-Dir - straight line, f/p - gnoll
Aim: a gnoll, wielding a +0 spear The magic dart hits the adder but does no damage.
The adder is severely wounded.
The adder bites you.
* * * LOW HITPOINT WARNING * * *
The rat bites the plant but does no damage.
A rat comes into view.
The gnoll hits you from afar with a +0 spear!
You die...

#...## ....... #..>.. .r.....
#..#### ..... #....# #...#
...#.# ##.r.# ####.# ###.grg#
####.# #.≈PPgg# # .....#
#P≈PPSP####(#.
###########P≈PPP@P≈.....
######.....PP≈≈♣≈PPPP#..
#.#..######.P≈P≈≈≈♣PP.≈.
##_P_._####.#.P≈P≈≈♣≈≈.≈
#P....÷.#......#.PPP♣≈≈≈ ≈.^
....⌠...###.......≈P♣≈≈♣≈P≈.
##....P####.####.P≈PP♣♣♣≈≈P##
####)###.........≈PP♣≈≈≈≈P..##
#.# #.####...PPP≈♣♣♣≈P≈P..#


You could see 3 gnolls, an adder, a hobgoblin and 3 rats.

Vanquished Creatures
  An adder (D:2)
  A gnoll (D:1)
  A worm (D:2)
  A leopard gecko (D:2)
  2 bats (D:1)
  5 goblins
  3 hobgoblins (D:1)
  4 jackals (D:1)
  6 kobolds
  3 frilled lizards
  4 rats
31 creatures vanquished.

Vanquished Creatures (collateral kills)
  2 worms (D:2)
2 creatures vanquished.

Grand Total: 33 creatures vanquished

Notes
Turn   | Place    | Note
-------+----------+-------------------------------------------
     0 | D:1      | Kohma the Ogre Wizard began the quest for the Orb.
     0 | D:1      | Reached XP level 1. HP: 16/16 MP: 5/5
    49 | D:1      | Reached skill level 1 in Conjurations
   228 | D:1      | Reached XP level 2. HP: 22/26 MP: 0/6
   277 | D:1      | Learned a level 2 spell: Blink
   280 | D:1      | Learned a level 2 spell: Call Imp
   333 | D:1      | Reached skill level 1 in Fighting
  1196 | D:1      | Reached skill level 4 in Spellcasting
  1196 | D:1      | Reached XP level 3. HP: 27/33 MP: 0/8
  1730 | D:2      | Found an ancient bone altar of Kikubaaqudgha.
  1733 | D:2      | Found a sparkling altar of Nemelex Xobeh.
  1733 | D:2      | Found a snail-covered altar of Cheibriados.
  2065 | D:2      | Reached XP level 4. HP: 37/42 MP: 6/10
  2192 | D:2      | Slain by a gnoll

Levels and vault maps discovered:
D:1:      dpeg_arrival_long_road, layout_basic, serial_park_tiny_2
D:2:      layout_loops_cross, gammafunk_temple_overflow_forgotten, first_ration,
          serial_bayou_lagoon_a, kennysheep_generic_room_5

Skill      XL: |  1  2  3 |
---------------+----------+-----
Conjurations   | 1 2 |  2.4
Fighting       | 1 2 |  2.0
Spellcasting   | 4 |  4.0
Maces & Flails | |  0.5
Dodging        | |  1.7
Stealth        | |  1.4
Summonings     | |  0.8
Translocations | |  0.8

Action                   |  1- 3 |  4- 6 || total
-------------------------+-------+-------++-------
Melee: Club              |    39 |       ||    39
       Whip              |    21 |     9 ||    30
Throw: Boomerang         |     2 |       ||     2
 Cast: Magic Dart        |    58 |     8 ||    66
       Call Imp          |     2 |       ||     2
 Stab: Distracted        |     1 |       ||     1
       Sleeping          |     1 |       ||     1
  Eat: Chunk             |     4 |       ||     4
Armor: Robe              |    19 |     4 ||    23
Dodge: Dodged            |    33 |     7 ||    40

Table legend:
 A = Non-vault XP
 B = Vault XP
 C = Vault XP percentage of total XP
 D = Non-vault monster count
 E = Vault monster count
 F = Vault count percentage of total count
                 A         B        C        D         E       F
            +---------+---------+-------+---------+---------+-------
      Total |      85 |       0 |   0.0 |      33 |       0 |   0.0
            +---------+---------+-------+---------+---------+-------
        D:1 |      44 |       0 |   0.0 |      19 |       0 |   0.0
        D:2 |      41 |       0 |   0.0 |      14 |       0 |   0.0
            +---------+---------+-------+---------+---------+-------
